 Dungeon Crawl Stone Soup version 0.28.0-53-g5a82cb258f (webtiles) character file.

Game seed: 4664989382505663428

211 BeingJoeMalik the Chiller (level 5, -6/94 HPs)
             Began as a Naga Ice Elementalist on June 22, 2022.
             Mangled by Menkaure (11 damage)
             ... in an ossuary on June 23, 2022.
             The game lasted 00:16:16 (3530 turns).

BeingJoeMalik the Chiller (Naga Ice Elementalist)   Turns: 3530, Time: 00:16:16

Health: -6/94      AC: 22    Str: 11    XL:     5   Next: 88%
Magic:  6/10       EV:  1    Int: 23    God:
Gold:   73         SH:  0    Dex: 11    Spells: 4/11 levels left

rFire   . . .      SeeInvis +   q - +0 whip (elec)
rCold   . . .      Faith    .   (no shield)
rNeg    + . .      Spirit   .   (armour currently unavailable)
rPois   +          Reflect  .   (helmet currently unavailable)
rElec   .          Harm     .   (cloak currently unavailable)
rCorr   .          Rampage  .   (gloves currently unavailable)
Will    .....      NoTele   +   (no barding)
Stlth   ..........              (no amulet)
HPRegen 0.25/turn               g - +6 ring of intelligence
MPRegen 0.12/turn               r - ring of positive energy

@: berserking, tree-form, freezing walls, very quick
A: stationary, stasis, torment immunity, boosted hp, AC +1, large, see
invisible, (deformed body), (poison resistance), (slowness 2), spit poison 1,
(naga tail 1)
a: Spit Poison


You were in an ossuary.
You were a tree.
You visited 1 branch of the dungeon, and saw 4 of its levels.
You also visited: Ossuary.

You collected 73 gold pieces.

Inventory:

Hand Weapons
 l - a +0 quarterstaff
 q - a +0 whip of electrocution (weapon)
Missiles
 d - 4 boomerangs
 h - 7 poisoned darts (quivered)
Armour
 a - a +0 robe (melded)
 m - a +0 buckler
 s - a +0 pair of gloves (melded)
Magical Staves
 j - a staff of air
Jewellery
 g - a +6 ring of intelligence (left branch)
 r - a ring of positive energy (right branch)
Scrolls
 b - 3 scrolls of fog {unknown}
 e - 4 scrolls of identify {unknown}
 n - a scroll of noise {unknown}
 p - a scroll of amnesia {unknown}
Potions
 c - a potion of might {unknown}
 i - a potion of attraction {unknown}
 k - a potion of resistance {unknown}
 o - a potion of lignification


   Skills:
 - Level 1.6 Dodging
 - Level 3.2 Stealth
 + Level 3.6 Spellcasting
 + Level 5.9 Ice Magic


You had 4 spell levels left.
You knew the following spells:

 Your Spells              Type           Power      Damage    Failure   Level
a - Freeze                Ice            100%       1d11      1%          1
b - Frozen Ramparts       Ice            62%        1d8       2%          3
c - Ozocubu's Armour      Ice            31%        N/A       2%          3

Your spell library contained the following spells:

 Spells                   Type           Power      Damage    Failure   Level
 Conjure Flame            Conj/Fire      4%         6-21      32%         3
 Ignite Poison            Fire/Tmut/Pois 4%         N/A       32%         3
 Hailstorm                Conj/Ice       17%        3d6       32%         4
 Sticky Flame             Conj/Fire      4%         2d3       73%         4


Dungeon Overview and Level Annotations

Branches:
Dungeon (4/15)            Ossuary (1/1)
 Temple: D:4-7

Altars:

Annotations:
Ossuary Menkaure


Innate Abilities, Weirdness & Mutations

You are a tree.
Your roots penetrate the ground, keeping you stationary.
You cannot be teleported.
You are immune to unholy pain and torment.
Your maximum health is greatly increased.
Your equipment is partially melded.
((Your serpentine skin is tough. (AC +1)))
You have supernaturally acute eyesight. (SInv)
((Armour fits poorly on your strangely shaped body.))
((Your system is resistant to poisons. (rPois)))
((You cover ground very slowly.))
You can spit poison.
((You have a snake-like lower body.))


Message History

You hit the kobold zombie.
The kobold zombie is heavily damaged.
The kobold zombie hits you.
You hit the kobold zombie.
You destroy the kobold zombie!
You start resting.
HP restored.
You start waiting.
Menkaure is nearby!
You barely miss Menkaure.
Menkaure shouts!
Menkaure calls on the powers of darkness!
Your body is wracked with pain!
Casting: Frozen Ramparts (dangerous; 2% risk of failure)
Confirm with . or Enter, or press ? or * to list all spells.
Casting: Frozen Ramparts (dangerous; 2% risk of failure)
Press: ? - help, Dir - look around, f - activate The walls around you are covered in ice.
Casting: Frozen Ramparts (dangerous; 2% risk of failure)
Confirm with . or Enter, or press ? or * to list all spells.
Aiming: Freeze (safe; 1% risk of failure)
Press: ? - help, Shift-Dir - straight line, f - Menkaure
Aim: Menkaure You freeze Menkaure.
Menkaure resists.
Menkaure is lightly damaged.
Menkaure resists.
The wall freezes Menkaure.
Menkaure hits you!!
Ouch! That really hurt!
* * * LOW HITPOINT WARNING * * *
It was a potion of lignification.
You turn into a tree.
Your +0 pair of gloves melds into your body.
Your +0 robe melds into your body.
Your roots penetrate the ground.
Menkaure resists.
The wall freezes Menkaure.
Menkaure rustles, "It doesn't hurt if you pull your brain out of your nose yourself."
Menkaure gestures wildly while chanting.
Menkaure seems to speed up.
It was a potion of berserk rage.
A red film seems to cover your vision as you go berserk!
You feel yourself moving faster!
You feel mighty!
Menkaure resists.
The wall freezes Menkaure.
Menkaure hits you!
You die...

.M##..##..## #..##..##..##
#..##..##..## #..##..##..##
#Z.##..##..## #Z.##..##..##
#..##..##..##
#################M.##..##^.##
................♣...##..##..##
#######################..##..##
..........................##∩∩#
###############################


You could see Menkaure (fast).

Vanquished Creatures
  Natasha (thrice) (D:2)
  A gnoll (D:1)
  3 adders
  2 worms
  A dart slug (D:3)
  3 ball pythons
  4 endoplasms
  2 giant cockroaches
  4 gnoll zombies (Ossuary)
  9 hobgoblins
  6 jackals
  A quokka (D:1)
  5 bats
  2 frilled lizards (D:2)
  4 gnoll skeletons (Ossuary)
  5 goblins
  2 goblin skeletons (Ossuary)
  3 goblin zombies (Ossuary)
  2 hobgoblin skeletons (Ossuary)
  A hobgoblin zombie (Ossuary)
  6 kobolds
  4 kobold skeletons (Ossuary)
  6 kobold zombies (Ossuary)
  6 orc skeletons (Ossuary)
  6 orc zombies (Ossuary)
  6 rats
  3 rat skeletons (Ossuary)
  2 rat zombies (Ossuary)
102 creatures vanquished.

Notes
Turn   | Place    | Note
-------+----------+-------------------------------------------
     0 | D:1      | BeingJoeMalik the Naga Ice Elementalist began the quest for
                  | the Orb.
     0 | D:1      | Reached XP level 1. HP: 15/15 MP: 3/3
    39 | D:1      | Reached XP level 2. HP: 22/22 MP: 1/5
   241 | D:1      | Reached XP level 3. HP: 28/28 MP: 4/6
   346 | D:1      | Learned a level 3 spell: Frozen Ramparts
   892 | D:2      | Noticed Natasha
   903 | D:2      | Killed Natasha
   904 | D:2      | Reached skill level 5 in Ice Magic
   904 | D:2      | Reached XP level 4. HP: 26/36 MP: 5/7
   990 | D:2      | Noticed Natasha
   997 | D:2      | Killed Natasha
  1024 | D:2      | Noticed Natasha
  1381 | D:2      | Killed Natasha
  1382 | D:2      | Reached XP level 5. HP: 37/42 MP: 6/9
  1388 | D:2      | Learned a level 3 spell: Ozocubu's Armour
  1562 | D:2      | Found a faded altar of an unknown god.
  2624 | D:4      | Noticed a kobold brigand
  2624 | D:4      | Found a sand-covered staircase.
  2629 | Ossuary  | Entered an ossuary
  3474 | Ossuary  | Noticed Menkaure
  3528 | Ossuary  | HP: 2/42 [Menkaure (23)]
  3530 | Ossuary  | Mangled by Menkaure

Illustrated notes

Levels and vault maps discovered:
D:1:      amcnicky_arrival_single_pillar, layout_loops_ring,
          minmay_misc_feat_ornament, minmay_pentomino_v4
D:2:      layout_rooms, ebering_ecumenical_altar_hall, uniq_natasha
D:3:      layout_basic, kennysheep_generic_room_2
D:4:      layout_rooms, nicolae_ossuary_entry_monument
Ossuary:  ossuary_due_pyramid

Skill      XL: |  1  2  3  4 |
---------------+-------------+-----
Ice Magic      | 5 |  5.9
Spellcasting   | 3 |  3.6
Dodging        | |  1.6
Stealth        | |  3.2

Action                   |  1- 3 |  4- 6 || total
-------------------------+-------+-------++-------
Melee: Whip              |       |   125 ||   125
       Staff             |       |     2 ||     2
       Punch             |       |     1 ||     1
Throw: Dart              |     2 |     3 ||     5
 Cast: Freeze            |    19 |    50 ||    69
       Frozen Ramparts   |       |     3 ||     3
 Abil: Spit Poison       |    17 |    21 ||    38
  Use: Potion            |       |     2 ||     2
 Stab: Distracted        |       |     3 ||     3
       Sleeping          |       |     1 ||     1
Armor: Robe              |     1 |    44 ||    45
Dodge: Dodged            |     2 |    57 ||    59
